 Dungeon Crawl Stone Soup version 0.21-a0-91-ga5031da (webtiles) character file.

53393 Kidiri the Eclecticist (level 14, -5/80 HPs)
             Began as a Deep Elf Fire Elementalist on June 28, 2017.
             Was a High Priest of Vehumet.
             Slain by a sun demon (16 damage)
             ... on level 6 of the Lair of Beasts.
             The game lasted 01:29:41 (21854 turns).

Kidiri the Eclecticist (DEFE)                      Turns: 21854, Time: 01:29:42

Health: -5/80      AC:  7    Str:  7    XL:     14   Next: 30%
Magic:  3/44       EV: 19    Int: 26    God:    Vehumet [*****.]
Gold:   1357       SH: 10    Dex: 18    Spells: 7/43 levels left

rFire    . . .     SeeInvis .   z - +4 rapier (elec)
rCold    + . .     Gourm    .   t - +0 buckler
rNeg     . . .     Faith    .   H - +1 robe {rC+}
rPois    .         Spirit   .   (no helmet)
rElec    .         Reflect  +   r - +0 cloak
rCorr    .         Harm     .   F - +1 pair of gloves {Dex+3}
MR       +++..     Clarity  +   (no boots)
Stlth    ++........             u - +4 amulet of reflection
HPRegen  0.23/turn              a - ring of wizardry
MPRegen  0.29/turn              k - ring of magical power

@: no status effects
A: blurry vision 1, clarity, magic resistance 2, strong 1
a: Renounce Religion


You were on level 6 of the Lair of Beasts.
You worshipped Vehumet.
Vehumet was extremely pleased with you.
You were completely stuffed.

You visited 3 branches of the dungeon, and saw 16 of its levels.
You also visited: Ice Cave.

You collected 1473 gold pieces.
You spent 116 gold pieces at shops.

Inventory:

Hand Weapons
 z - a +4 rapier of electrocution (weapon)
Armour
 o - a +0 shield
 r - a +0 cloak (worn)
 t - a +0 buckler (worn)
 x - +0 ice dragon scales
 F - a +1 pair of gloves of dexterity (worn)
 H - a +1 robe of cold resistance (worn)
Jewellery
 a - a ring of wizardry (left hand)
 k - a ring of magical power (right hand)
 s - an uncursed ring of fire
 u - a +4 amulet of reflection (around neck)
 G - an uncursed ring of see invisible
 I - an uncursed ring of positive energy
Wands
 b - a wand of iceblast (4/15)
 g - a wand of flame (11/48)
 y - a wand of random effects (31/48)
 A - a wand of iceblast (11/15)
 B - a wand of confusion (27/48)
 C - a wand of polymorph (11/24)
Scrolls
 f - a scroll of immolation
 h - 8 scrolls of remove curse
 n - 3 scrolls of recharging
 E - 4 scrolls of teleportation
 K - a scroll of blinking
 L - a scroll of fog {unknown}
Potions
 e - 2 potions of curing
 i - a potion of brilliance
 j - 4 potions of agility
 l - a potion of haste
 m - 3 potions of lignification
 p - a potion of invisibility
 q - a potion of cancellation
 w - 2 potions of might
 D - a potion of flight
Comestibles
 c - 5 bread rations
 d - 7 meat rations


   Skills:
 + Level 6.5 Fighting
 + Level 7.6 Short Blades
 + Level 6.8 Armour
 + Level 9.4 Dodging
 - Level 2.4 Stealth
 + Level 5.8 Shields
 * Level 15.1 Spellcasting
 + Level 9.4 Conjurations
 + Level 9.8 Fire Magic
 + Level 2.0 Air Magic
 + Level 5.1 Earth Magic
 + Level 7.7 Poison Magic


You had 7 spell levels left.
You knew the following spells:

 Your Spells              Type           Power        Failure   Level  Hunger
a - Flame Tongue          Conj/Fire      #####        1%          1    None
b - Throw Flame           Conj/Fire      ######       1%          2    None
c - Conjure Flame         Conj/Fire      ######..     1%          3    None
d - Inner Flame           Hex/Fire       #####...     1%          3    None
e - Ignite Poison         Fire/Tmut/Pois ######..     1%          3    None
f - Sticky Flame          Conj/Fire      ######..     1%          4    None
g - Fireball              Conj/Fire      ######....   1%          5    #......
h - Bolt of Magma         Conj/Fire/Erth ######....   1%          5    #......
i - Airstrike             Air            ####......   1%          4    None
j - Sting                 Conj/Pois      ####         1%          1    None
k - Olgreb's Toxic Radia  Pois           ######..     1%          4    None
l - Magic Dart            Conj           ####         1%          1    None


Dungeon Overview and Level Annotations

Branches:
Dungeon (9/15)             Temple (1/1) D:5            Lair (6/6) D:9
 Shoals (0/4) Lair:4       Spider (0/4) Lair:4        Slime (0/5) Lair:6
    Orc: D:9-12

Altars:
Ashenzari
Cheibriados
Dithmenos
Elyvilon
Fedhas
Gozag
Hepliaklqana
Kikubaaqudgha
Makhleb
Nemelex Xobeh
Okawaru
Qazlal
Ru
Sif Muna
Trog
Uskayaw
Vehumet
Wu Jian
Xom
Yredelemnul
Zin
The Shining One
Jiyva

Shops:
D:5 [   D:6 (


Innate Abilities, Weirdness & Mutations

Scrolls take you a little longer to read.
You possess an exceptional clarity of mind.
You are highly resistant to hostile enchantments. (MR++)
Your muscles are strong. (Str +2)


Message History

The bolt of magma hits the hell hound.
The hell hound partially resists.
You kill the hell hound!
Vehumet accepts your kill.
You feel your power returning.
Unknown command.
You hit the sun demon but do no damage.
The sun demon is severely wounded.
The sun demon misses you.
You hit the sun demon but do no damage.
The sun demon is severely wounded.
You block the sun demon's attack.
You closely miss the sun demon.
The sun demon is severely wounded.
The sun demon hits you.
You are engulfed in flames!!
* * * LOW HITPOINT WARNING * * *
Unknown command.
You feel better. The sun demon hits you!
* * * LOW HITPOINT WARNING * * *
You are engulfed in flames!
You die...

# #P.###..#.####P....... ####
######...##....# #.P.....≈
.#.#..#......#.......####.......P
#......P.P............##.........
..............#.P.....#.#........
...............................#.
##..#......P#P...................
.##.#............................
.♣ ♣........†.3@................
♣♣ ♣.......♣♣.♣♣.....♣♣..♣...}
♣♣♣§§♣♣♣♣♣♣♣♣♣♣..♣♣♣♣♣♣♣♣♣.
♣...♣♣ ♣♣♣♣ ♣♣♣♣♣♣ .♣♣♣.♣ ♣..♣♣
♣♣ ♣♣.♣ ♣...♣♣ .♣♣♣ ♣♣..♣♣ ♣....♣
♣..♣♣♣♣♣♣....♣♣ ♣♣♣..♣♣.
♣♣♣.......♣...♣♣♣ ♣♣...♣♣♣♣


You could see a sun demon.

Vanquished Creatures
  Fannar (Lair:3)
  6 hydras
  2 ice dragons (IceCv)
  Erica (D:9)
  3 two-headed ogres (D:9)
  A fire crab (Lair:6)
  A wizard (Lair:6)
  Pikel (D:9)
  A wolf spider (Lair:4)
  An oklob plant (Lair:1)
  11 elephants
  2 ice statues (IceCv)
  Maurice (D:9)
  6 black mambas
  2 orange demons (Lair:6)
  14 spiny frogs
  12 komodo dragons
  An ice devil (Lair:6)
  6 rime drakes
  3 polar bears
  A troll (D:9)
  A jumping spider (Lair:4)
  A hornet (Lair:3)
  26 blink frogs
  10 hippogriffs
  7 dream sheep (Lair:6)
  2 redbacks (Lair:4)
  25 yaks
  6 spriggans (Lair:2)
  Grum (D:9)
  A wyvern (Lair:6)
  7 basilisks
  A steam dragon (Lair:3)
  Duvessa (D:7)
  8 water moccasins
  3 hell hounds (Lair:6)
  12 porcupines
  14 ice beasts (IceCv)
  4 orc warriors
  6 sky beasts
  4 slaves (D:9)
  A necrophage (D:8)
  2 phantoms (D:5)
  7 centaurs
  12 wolves
  2 ogres
  12 crocodiles
  2 big kobolds
  The ghost of Kidiri the Magician, an amateur DEFE of Vehumet (D:3)
  11 bullfrogs
  Dowan (D:7)
  A water moccasin zombie (D:5)
  3 scorpions
  9 killer bees (D:9)
  3 wights (D:6)
  6 electric eels
  2 howler monkeys (D:8)
  2 centaur zombies (D:6)
  A bullfrog zombie (D:6)
  2 jellies (D:8)
  A bullfrog skeleton (D:8)
  2 orc priests
  Crazy Yiuf (D:5)
  5 hounds
  13 orc wizards
  3 iguanas
  8 worker ants
  A killer bee zombie (D:6)
  2 worker ant zombies
  A howler monkey skeleton (D:8)
  15 gnolls
  20 adders
  3 shadow imps
  An adder skeleton (D:4)
  3 worms (D:2)
  3 dart slugs
  4 leopard geckos
  41 orcs
  16 bats
  5 giant cockroaches
  7 hobgoblins
  15 jackals
  A quokka (D:4)
  A ball python (D:1)
  5 frilled lizards
  12 goblins
  A jackal skeleton (D:5)
  13 kobolds
  A quokka skeleton (D:5)
  25 rats
  A fungus (Lair:6)
  8 plants
535 creatures vanquished.

Vanquished Creatures (others)
  A human (D:5)
  19 fungi
  17 plants
37 creatures vanquished.

Grand Total: 572 creatures vanquished

Notes
Turn   | Place    | Note
-------+----------+-------------------------------------------
     0 | D:1      | Kidiri the Deep Elf Fire Elementalist began the quest for the Orb.
     0 | D:1      | Reached XP level 1. HP: 10/10 MP: 6/6
    74 | D:1      | Reached XP level 2. HP: 12/15 MP: 0/8
   191 | D:1      | Learned a level 2 spell: Throw Flame
   771 | D:1      | Reached XP level 3. HP: 19/19 MP: 10/10
   776 | D:1      | Learned a level 3 spell: Conjure Flame
   780 | D:1      | Learned a level 3 spell: Inner Flame
   940 | D:2      | Reached skill level 4 in Spellcasting
  1205 | D:2      | Reached XP level 4. HP: 12/24 MP: 2/12
  2136 | D:2      | Found a sacrificial altar of Ru.
  2233 | D:3      | Reached skill level 5 in Spellcasting
  2365 | D:3      | Reached XP level 5. HP: 14/28 MP: 8/14
  2377 | D:3      | Learned a level 4 spell: Sticky Flame
  2915 | D:3      | Noticed Kidiri's ghost (amateur DEFE)
  2945 | D:3      | Killed Kidiri's ghost
  2945 | D:3      | Reached skill level 6 in Spellcasting
  3063 | D:3      | Reached XP level 6. HP: 32/32 MP: 14/17
  3272 | D:3      | Learned a level 5 spell: Fireball
  3564 | D:3      | Found a snail-covered altar of Cheibriados.
  3678 | D:3      | Found a burning altar of Makhleb.
  4210 | D:4      | Reached skill level 1 in Short Blades
  4210 | D:4      | Reached skill level 7 in Spellcasting
  4210 | D:4      | Reached skill level 5 in Fire Magic
  4869 | D:4      | Reached skill level 1 in Armour
  4869 | D:4      | Reached XP level 7. HP: 37/37 MP: 19/19
  4996 | D:5      | Entered Level 5 of the Dungeon
  5111 | D:5      | Reached skill level 1 in Fighting
  5457 | D:5      | Found a glowing golden altar of the Shining One.
  5556 | D:5      | Found a staircase to the Ecumenical Temple.
  5569 | Temple   | Entered the Ecumenical Temple
  5870 | Temple   | Became a worshipper of Vehumet
  6319 | D:5      | Reached XP level 8. HP: 42/43 MP: 10/21
  6386 | D:5      | Gained mutation: You are dopey. (Int -2) [mutagenic meat]
  6387 | D:5      | Lost mutation: You are dopey. (Int -2) [mutagenic meat]
  6388 | D:5      | Gained mutation: You occasionally shout uncontrollably at your foes. [mutagenic meat]
  6389 | D:5      | Gained mutation: Your flesh is cold resistant. (rC+) [mutagenic meat]
  6503 | D:5      | Found a stormy altar of Qazlal.
  6585 | D:5      | Found Meytaacvu's Armour Emporium.
  6591 | D:5      | Reached skill level 8 in Spellcasting
  6599 | D:5      | Bought a +0 shield for 58 gold pieces
  6599 | D:5      | Bought a +0 pair of gloves for 58 gold pieces
  6629 | D:5      | Found an ancient bone altar of Kikubaaqudgha.
  6676 | D:5      | Found a runed door.
  7019 | D:5      | Noticed Crazy Yiuf
  7027 | D:5      | Killed Crazy Yiuf
  7709 | D:6      | Reached skill level 1 in Shields
  8033 | D:6      | Reached * piety under Vehumet
  8033 | D:6      | Offered knowledge of Sting by Vehumet.
  8033 | D:6      | Reached skill level 9 in Spellcasting
  8079 | D:6      | Learned a level 1 spell: Sting
  8262 | D:6      | Found Ucuhywe's Weapon Shop.
  8418 | D:6      | Reached skill level 5 in Conjurations
  8422 | D:6      | Gained mutation: Your mind is acute. (Int +2) [mutagenic meat]
  8423 | D:6      | Gained mutation: You are weak. (Str -2) [mutagenic meat]
  8424 | D:6      | Lost mutation: You are weak. (Str -2) [mutagenic meat]
  8425 | D:6      | Gained mutation: Scrolls take you a little longer to read. [mutagenic meat]
  8426 | D:6      | Gained mutation: You have a pair of small horns on your head. [mutagenic meat]
  8427 | D:6      | Lost mutation: You have a pair of small horns on your head. [mutagenic meat]
  8438 | D:6      | Reached skill level 1 in Poison Magic
  8451 | D:6      | Reached XP level 9. HP: 49/49 MP: 14/24
  9139 | D:7      | Reached ** piety under Vehumet
  9140 | D:7      | Offered knowledge of Magic Dart by Vehumet.
  9170 | D:7      | Gained mutation: Your spells are a little easier to cast, but a little less powerful. [mutagenic meat]
  9171 | D:7      | Gained mutation: Your magical capacity is low. (-10% MP) [mutagenic meat]
  9172 | D:7      | Gained mutation: You sometimes yell uncontrollably at your foes. [mutagenic meat]
  9173 | D:7      | Gained mutation: Your mind is very acute. (Int +4) [mutagenic meat]
  9367 | D:7      | Learned a level 1 spell: Magic Dart
  9517 | D:7      | Noticed Duvessa
  9523 | D:7      | Noticed Dowan
  9524 | D:7      | Reached skill level 5 in Dodging
  9529 | D:7      | Killed Duvessa
  9544 | D:7      | Killed Dowan
  9743 | D:7      | Reached skill level 10 in Spellcasting
 10514 | D:8      | Offered knowledge of Ignite Poison by Vehumet.
 10519 | D:8      | Learned a level 3 spell: Ignite Poison
 10581 | D:8      | Reached XP level 10. HP: 46/56 MP: 13/23
 10589 | D:8      | Found an iron altar of Okawaru.
 10870 | D:8      | Lost mutation: Scrolls take you a little longer to read. [potion of mutation]
 10870 | D:8      | Lost mutation: Your spells are a little easier to cast, but a little less powerful. [potion of mutation]
 10870 | D:8      | Lost mutation: You sometimes yell uncontrollably at your foes. [potion of mutation]
 10870 | D:8      | Lost mutation: Your mind is very acute. (Int +4) [potion of mutation]
 10870 | D:8      | Gained mutation: You are resistant to hostile enchantments. (MR+) [potion of mutation]
 10870 | D:8      | Gained mutation: Your natural rate of healing is unusually fast. [potion of mutation]
 10870 | D:8      | Gained mutation: You are highly resistant to hostile enchantments. (MR++) [potion of mutation]
 10870 | D:8      | Gained mutation: You have a pair of small antennae on your head. [potion of mutation]
 10919 | D:8      | Found a deep blue altar of Sif Muna.
 10939 | D:8      | Reached *** piety under Vehumet
 11332 | D:9      | Noticed a two-headed ogre
 11356 | D:9      | Killed a two-headed ogre
 11356 | D:9      | Reached skill level 11 in Spellcasting
 11468 | D:9      | Found a staircase to the Lair.
 11470 | D:9      | Noticed Grum
 11490 | D:9      | Killed Grum
 11492 | D:9      | Offered knowledge of Olgreb's Toxic Radiance by Vehumet.
 11498 | D:9      | Learned a level 4 spell: Olgreb's Toxic Radiance
 11620 | D:9      | Noticed a two-headed ogre
 11629 | D:9      | Killed a two-headed ogre
 11643 | D:9      | Noticed a two-headed ogre
 11661 | D:9      | Killed a two-headed ogre
 11661 | D:9      | Reached XP level 11. HP: 61/61 MP: 25/25
 11752 | D:9      | Noticed Pikel
 11757 | D:9      | Killed Pikel
 11757 | D:9      | Reached skill level 5 in Short Blades
 11844 | D:9      | Noticed Erica
 11873 | D:9      | Killed Erica
 11951 | D:9      | Noticed Maurice
 11959 | D:9      | Killed Maurice
 12295 | D:9      | Reached **** piety under Vehumet
 12363 | D:9      | Offered knowledge of Iskenderun's Battlesphere by Vehumet.
 12531 | Lair:1   | Entered Level 1 of the Lair of Beasts
 12540 | Lair:1   | Reached skill level 5 in Armour
 12540 | Lair:1   | Reached skill level 12 in Spellcasting
 12691 | Lair:1   | Noticed an oklob plant
 12812 | Lair:1   | Lost mutation: You have a pair of small antennae on your head. [potion of mutation]
 12812 | Lair:1   | Lost mutation: Your magical capacity is low. (-10% MP) [potion of mutation]
 12812 | Lair:1   | Lost mutation: Your natural rate of healing is unusually fast. [potion of mutation]
 12812 | Lair:1   | Lost mutation: Your flesh is cold resistant. (rC+) [potion of mutation]
 12812 | Lair:1   | Lost mutation: Your mind is acute. (Int +2) [potion of mutation]
 12812 | Lair:1   | Lost mutation: You occasionally shout uncontrollably at your foes. [potion of mutation]
 12812 | Lair:1   | Gained mutation: Scrolls take you a little longer to read. [potion of mutation]
 12812 | Lair:1   | Gained mutation: You possess an exceptional clarity of mind. [potion of mutation]
 12812 | Lair:1   | Gained mutation: Your muscles are strong. (Str +2) [potion of mutation]
 12960 | Lair:1   | Found a frozen archway.
 12970 | IceCv    | Entered an ice cave
 12979 | IceCv    | Reached skill level 5 in Poison Magic
 13595 | IceCv    | Noticed an ice dragon
 13606 | IceCv    | Noticed an ice dragon
 13610 | IceCv    | Killed an ice dragon
 13610 | IceCv    | Reached XP level 12. HP: 49/68 MP: 22/30
 13612 | IceCv    | Killed an ice dragon
 13776 | Lair:1   | Reached skill level 5 in Fighting
 14002 | Lair:1   | Reached ***** piety under Vehumet
 14004 | Lair:1   | Reached skill level 13 in Spellcasting
 14005 | Lair:1   | Offered knowledge of Bolt of Magma by Vehumet.
 14012 | Lair:1   | Learned a level 5 spell: Bolt of Magma
 14327 | Lair:2   | Found a hide-covered altar of Uskayaw.
 14502 | Lair:2   | Reached skill level 1 in Earth Magic
 16110 | Lair:3   | Paralysed by a hornet for 1 turns
 16256 | Lair:3   | Reached XP level 13. HP: 46/74 MP: 32/32
 16456 | Lair:3   | Noticed Fannar
 16459 | Lair:3   | Killed Fannar
 17029 | Lair:3   | Reached skill level 5 in Shields
 17407 | Lair:3   | Reached skill level 14 in Spellcasting
 17610 | Lair:4   | Found a staircase to the Shoals.
 18040 | Lair:4   | Found a hole to the Spider Nest.
 18369 | Lair:4   | Offered knowledge of Airstrike by Vehumet.
 18376 | Lair:4   | Learned a level 4 spell: Airstrike
 19791 | Lair:6   | Entered Level 6 of the Lair of Beasts
 20473 | Lair:6   | Reached skill level 1 in Air Magic
 20866 | Lair:6   | Reached XP level 14. HP: 80/80 MP: 34/34
 20897 | Lair:6   | Found a viscous altar of Jiyva.
 20915 | Lair:6   | Found a staircase to the Slime Pits.
 21195 | Lair:6   | Reached skill level 5 in Earth Magic
 21603 | Lair:6   | Reached skill level 15 in Spellcasting
 21777 | Lair:6   | Found a burning altar of Makhleb.
 21854 | Lair:6   | Slain by a sun demon

Vault maps used:
D:1:      nicolae_arrival_washed_ashore
D:2:      first_bread, minmay_misc_feat_doors, minmay_hexomino_r4
D:3:      lemuel_coloured_pillars_altar, overflow_temple_1_default,
          serial_corexii_hall, corexii_hall_statues_i, corexii_hall_statues_x,
          minmay_misc_feat_rows
D:4:      minmay_rat_hole
D:5:      nicolae_overflow_crystal_walls, tso_oasis_becter, temple_hall,
          serial_shops, nicolae_shop_statue_plus, tgw_kikubaaqudgha,
          uniq_crazy_yiuf_cottage
D:6:      serial_shops, shop
D:7:      nicolae_water_bricks, uniq_duvessa
D:8:      led_sif_book, kennysheep_okawaru_gauntlet
D:9:      minmay_lair_entry_grove, uniq_pikel, uniq_maurice, uniq_grum,
          uniq_erica
Temple:   minmay_temple_bridge_d
Lair:1:   portal_ice_cave_entry_pillars_2, beast_lair_carwin_6,
          minmay_lair_oklob_chamber
Lair:2:   wad_woods_stonehenge, wad_woods_01
Lair:3:   nicolae_quartered_pool_little, uniq_fannar
Lair:4:   elwin_shoals_entry_rocks, spider_nest_entry_funnel_web,
          serial_bayou_lagoon_b, serial_bayou_shore_b
Lair:6:   evil_forest, slime_altar_1, serial_bayou_shore_a
IceCv:    ice_cave_small_dragons

Skill      XL: |  1  2  3  4  5  6  7  8  9 10 11 12 13 14 |
---------------+-------------------------------------------+-----
Conjurations   | 2 3 4 5 6 7 8 9 |  9.4
Spellcasting   | 4 5 6 7 9 10 11 12 13 14 15 | 15.1
Fire Magic     | 4 5 6 7 8 9 |  9.8
Short Blades   | 1 2 3 4 5 6 7 |  7.6
Armour         | 1 2 3 4 5 6 |  6.8
Fighting       | 1 2 3 4 5 6 |  6.5
Dodging        | 3 4 5 6 7 8 9 |  9.4
Shields        | 1 2 3 4 5 |  5.8
Poison Magic   | 1 2 4 5 6 7 |  7.7
Earth Magic    | 2 4 5 |  5.1
Air Magic      | 1 2 |  2.0
Stealth        | |  2.4

Action                   |  1- 3 |  4- 6 |  7- 9 | 10-12 | 13-15 || total
-------------------------+-------+-------+-------+-------+-------++-------
Melee: Dagger            |    24 |    47 |   309 |       |       ||   380
       Unarmed           |     5 |       |       |       |       ||     5
       Rapier            |       |       |    13 |    67 |    45 ||   125
 Cast: Flame Tongue      |    68 |   145 |   180 |   163 |    25 ||   581
       Throw Flame       |     1 |     4 |    15 |    27 |     6 ||    53
       Conjure Flame     |       |     6 |    14 |     7 |     2 ||    29
       Inner Flame       |       |     8 |    11 |     4 |       ||    23
       Sticky Flame      |       |     1 |    31 |    35 |    23 ||    90
       Sting             |       |       |    13 |       |     1 ||    14
       Fireball          |       |       |     3 |    31 |     4 ||    38
       Ignite Poison     |       |       |       |    35 |    28 ||    63
       Olgreb's Toxic Ra |       |       |       |    18 |    14 ||    32
       Bolt of Magma     |       |       |       |    13 |   108 ||   121
       Airstrike         |       |       |       |       |     2 ||     2
  Use: Scroll            |     4 |     5 |     5 |     8 |     3 ||    25
       Potion            |       |       |     2 |     2 |     2 ||     6
 Stab: Sleeping          |     3 |     4 |     2 |     3 |     4 ||    16
  Eat: Chunk             |     1 |    10 |    23 |     9 |    12 ||    55
       Royal jelly       |       |       |     2 |     1 |     5 ||     8
       Fruit             |       |       |     1 |     4 |     6 ||    11
       Bread ration      |       |       |     2 |     1 |       ||     3
Armor: Robe              |     8 |    37 |   122 |    19 |    15 ||   201
Dodge: Dodged            |    34 |   139 |   240 |    96 |    62 ||   571
Block: Other             |       |       |    13 |    22 |       ||    35
       Reflection        |       |       |       |     1 |       ||     1
       Buckler           |       |       |       |    29 |    48 ||    77
